 Dungeon Crawl Stone Soup version 0.15-a0-885-g3d1b40c (console) character file.

2146 Champion the Basher (level 9, -4/126 HPs)
             Began as an Ogre Chaos Knight on May 18, 2014.
             Was a Plaything of Xom.
             Slain by a hill giant zombie (10 damage)
             ... on Level 9 of the Dungeon.
             The game lasted 00:25:02 (2838 turns).

Champion the Basher (Ogre Chaos Knight)             Turns: 2838, Time: 00:25:02

HP  -4/126       AC 10     Str 30      XL: 9   Next: 31%
MP  16/16        EV 10     Int 11      God: Xom
Gold 329         SH  0     Dex  9      Spells:  1 memorised,  5 levels left

rFire  . . .     SeeInvis .     t - +0 morningstar (protect)
rCold  . . .     Clarity  .     b - +2 robe
rNeg   + . .     Conserve .     (shield restricted)
rPois  .         rCorr    .     (helmet restricted)
rElec  .         rRot     .     (no cloak)
SustAb .         Spirit   .     (gloves unavailable)
rMut   .         Warding  .     (boots unavailable)
Gourm  .         Stasis   .     s - amulet of rage
MR     +....                    y - ring "Borinyuhe" {rN+ Str+3 Acc+5}
                                O - ring of protection from magic

@: berserking, very quick, somewhat resistant to hostile enchantments, extremely
unstealthy
A: unfitting armour, tough skin 1
a: Renounce Religion, Evoke Berserk Rage


You were on level 9 of the Dungeon.
You worshipped Xom.
You were a toy of Xom.
You were not hungry.

You visited 1 branch of the dungeon, and saw 9 of its levels.

You collected 377 gold pieces.
You spent 48 gold pieces at shops.

Inventory:

Hand weapons
 a - a +0,+0 mace of chaos
 t - a +0,+0 morningstar of protection (weapon)
 z - a +0,+1 giant spiked club
 H - a +0,+0 morningstar
Missiles
 j - 8 needles of slowing
 n - a throwing net (quivered)
Armour
 b - a +2 robe (worn)
Magical devices
 m - a wand of paralysis (4)
 B - a wand of frost (1)
 G - a wand of magic darts (7)
 I - a wand of digging (13)
 N - a wand of enslavement (4)
Comestibles
 c - 3 meat rations
 w - a choko
 x - 7 bread rations
 F - a beef jerky
 M - 4 chunks of gnoll flesh
Scrolls
 e - 2 scrolls of recharging {unknown}
 h - a scroll of noise {unknown}
 i - 3 scrolls of teleportation {unknown}
 l - 2 scrolls of random uselessness {unknown}
 p - 3 scrolls of magic mapping
 A - 2 scrolls of enchant weapon II
 Q - a scroll of amnesia {unknown}
Jewellery
 r - an uncursed ring of protection from magic
 s - an amulet of rage (around neck)
 v - a +5 ring of intelligence
 y - the ring "Borinyuhe" (right hand) {rN+ Str+3 Acc+5}
   (You found it on level 5 of the Dungeon)

   [ring of positive energy]

   It affects your strength (+3).
   It affects your accuracy with ranged weapons and melee attacks (+5).
   It protects you from negative energy.
 O - a ring of protection from magic (left hand)
Potions
 d - a potion of berserk rage {unknown}
 f - a potion of magic
 k - 2 potions of might {unknown}
 q - 3 potions of curing {unknown}
 C - a potion of agility {unknown}
 D - a potion of heal wounds
 K - a potion of resistance
 L - 2 potions of mutation {unknown}
Books
 J - a book of Clouds

   Spells                             Type                      Level
   Mephitic Cloud                     Conjuration/Poison/Air       3
   *Conjure Flame                     Conjuration/Fire             3
   Poisonous Cloud                    Conjuration/Poison/Air       6
   Freezing Cloud                     Conjuration/Ice/Air          6
   Ring of Flames                     Charms/Fire                  7
Magical staves
 o - an uncursed staff of summoning {unknown}


   Skills:
 - Level 4.0 Fighting
 + Level 12.0 Maces & Flails
 - Level 6.0 Throwing
 - Level 2.1 Dodging
 - Level 5.0 Evocations


You had 5 spell levels left.
You knew the following spells:

 Your Spells              Type           Power        Failure   Level  Hunger
a - Conjure Flame         Conj/Fire      #.......     90%         3    ####...


Dungeon Overview and Level Annotations

Branches:
Dungeon (9/15)             Temple (0/1) D:6
    Orc: D:9-12        Lair: D:8-11

Altars:
Dithmenos
Elyvilon
Fedhas
Gozag
Kikubaaqudgha
Qazlal
Sif Muna
Yredelemnul

Shops:
D:6 (


Innate Abilities, Weirdness & Mutations

You are too large for most types of armour.
You have tough skin (AC +1).


Message History

Throwing (i - inventory. (,) - cycle):
E - 2 javelins of penetration (quivered)
Press: ? - help, Shift-Dir - straight line, f/p - hill giant zombie
Aim: a hill giant zombie You throw a javelin of penetration.
The javelin of penetration pierces through the hill giant zombie.
Throwing (i - inventory. (,) - cycle):
E - a javelin of penetration (quivered)
Press: ? - help, Shift-Dir - straight line, f/p - hill giant zombie
Aim: a hill giant zombie You throw a javelin of penetration.
The javelin of penetration pierces through the hill giant zombie!!
You hit the hill giant zombie. You hit the hill giant zombie.
The hill giant zombie hits you!
* * * LOW HITPOINT WARNING * * *
Use which ability? (? or * to list)
You can't do that.
Use which ability? (? or * to list)
A red film seems to cover your vision as you go berserk!
You feel yourself moving faster!
You feel mighty!
You thump the hill giant zombie! The hill giant zombie hits you!
You die...

##.#.## #...###......
##.....#####.....#.......
###......#..#...............
###.....#............#........
##......)......##.............#.
#....#...........................
##...##...#............(.........
##...##.........................
#....###.......@Z......((#$.....
##..###.##......................
##.#.P..............[............
#..........................%.....
##................%..............
#..............#..........#.....
##.#................".....#.#...
###...............#............
##.................=..........##


You could see a hill giant zombie.

Vanquished Creatures
  A troll (D:9)
  A wolf (D:9)
  Grum (D:9)
  A hippogriff (D:7)
  A sky beast (D:9)
  A yellow wasp (D:8)
  2 ogres
  2 centaurs
  A phantom (D:4)
  A big kobold (D:7)
  2 giant frogs
  A hippogriff zombie (D:5)
  2 killer bees (D:9)
  A yak skeleton (D:9)
  A wight (D:9)
  4 crimson imps
  2 hounds
  2 centaur skeletons (D:7)
  A gnoll shaman (D:7)
  2 iguanas
  4 orc wizards (D:6)
  A worker ant (D:5)
  3 adders
  6 gnolls
  A shadow imp (D:5)
  A giant mite (D:5)
  A worm (D:8)
  2 giant geckos
  9 orcs
  A bat zombie (D:6)
  5 goblins
  5 hobgoblins
  4 jackals (D:5)
  8 kobolds
  A quokka (D:5)
  11 bats
  5 giant cockroaches
  4 giant newts
  2 goblin skeletons (D:4)
  A hobgoblin skeleton (D:6)
  An ooze (D:1)
  2 orc skeletons
  2 orc zombies
  7 rats
117 creatures vanquished.

Vanquished Creatures (collateral kills)
  A wolf (D:9)
  3 killer bees (D:9)
  A hound (D:8)
  An adder (D:9)
  A worm (D:9)
  A goblin (D:2)
8 creatures vanquished.

Vanquished Creatures (others)
  A shadow imp (D:9)
  An ufetubus (D:9)
2 creatures vanquished.

Grand Total: 127 creatures vanquished

Notes
Turn   | Place    | Note
--------------------------------------------------------------
     0 | D:1      | Champion, the Ogre Chaos Knight, began the quest for the Orb.
     0 | D:1      | Reached XP level 1. HP: 24/24 MP: 1/1
    47 | D:1      | XOM: harmless Summ miscast
    99 | D:1      | Reached XP level 2. HP: 32/32 MP: 2/2
   110 | D:1      | XOM: divination: detect creatures
   194 | D:2      | XOM: potion effect (haste)
   200 | D:2      | Reached skill level 5 in Maces & Flails
   208 | D:2      | Reached XP level 3. HP: 39/39 MP: 3/3
   452 | D:3      | Reached skill level 6 in Maces & Flails
   507 | D:4      | Noticed a phantom
   517 | D:4      | Killed a phantom
   517 | D:4      | Reached skill level 7 in Maces & Flails
   517 | D:4      | Reached XP level 4. HP: 30/48 MP: 4/4
   517 | D:4      | Reached XP level 5. HP: 33/54 MP: 5/5
   602 | D:4      | Found a white marble altar of Elyvilon.
   606 | D:4      | Found a deep blue altar of Sif Muna.
   609 | D:4      | Found a basalt altar of Yredelemnul.
   629 | D:4      | XOM: divination: detect creatures
   719 | D:5      | Entered Level 5 of the Dungeon
   719 | D:5      | Found an ancient bone altar of Kikubaaqudgha.
   813 | D:5      | Reached skill level 1 in Throwing
   882 | D:5      | Reached XP level 6. HP: 56/62 MP: 6/6
   961 | D:5      | Got a vibrating lapis lazuli ring
   967 | D:5      | Identified the ring "Borinyuhe" {rN+ Str+3 Acc+5} (You found it on level 5 of the Dungeon)
  1202 | D:6      | Reached skill level 8 in Maces & Flails
  1296 | D:6      | Reached skill level 1 in Evocations
  1323 | D:6      | Found a staircase to the Ecumenical Temple.
  1355 | D:6      | Reached XP level 7. HP: 45/70 MP: 8/8
  1396 | D:7      | Noticed a hippogriff
  1411 | D:7      | XOM: cast spell 'Stoneskin'
  1414 | D:7      | Killed a hippogriff
  1465 | D:7      | Found a shadowy altar of Dithmenos.
  1576 | D:7      | Found a stormy altar of Qazlal.
  1616 | D:7      | XOM: noise
  1755 | D:7      | XOM: silly message
  1759 | D:7      | Reached skill level 9 in Maces & Flails
  1759 | D:7      | Reached XP level 8. HP: 69/78 MP: 12/12
  1790 | D:7      | Reached skill level 5 in Throwing
  1806 | D:6      | Found Thramuck's Weapon Emporium.
  1819 | D:6      | Bought a +0,+0 morningstar for 48 gold pieces
  2006 | D:8      | Paralysed by a yellow wasp for 2 turns
  2029 | D:8      | Found an opulent altar of Gozag.
  2127 | D:8      | Learned a level 3 spell: Conjure Flame
  2152 | D:8      | HP: 5/117 [centaur (6)]
  2153 | D:8      | HP: 1/117 [centaur (4)]
  2211 | D:7      | Found a blossoming altar of Fedhas.
  2377 | D:6      | XOM: potion effect (might)
  2379 | D:6      | Reached skill level 10 in Maces & Flails
  2532 | D:8      | XOM: summons friendly ufetubus
  2613 | D:9      | XOM: summons friendly shadow imp
  2624 | D:9      | XOM: divination: detect creatures
  2666 | D:9      | XOM: harmless Necr miscast
  2687 | D:9      | Reached skill level 5 in Evocations
  2687 | D:9      | Reached XP level 9. HP: 29/84 MP: 16/16
  2712 | D:9      | Noticed Grum
  2725 | D:9      | Reached skill level 11 in Maces & Flails
  2730 | D:9      | XOM: cast spell 'Dispersal'
  2734 | D:9      | XOM: enchant monster (good)
  2744 | D:9      | Killed Grum
  2763 | D:9      | Noticed a troll
  2766 | D:9      | Killed a troll
  2805 | D:9      | Reached skill level 12 in Maces & Flails
  2834 | D:9      | HP: 3/84 [hill giant zombie (17)]
  2838 | D:9      | Slain by a hill giant zombie

Action                   |  1- 3 |  4- 6 |  7- 9 || total
-------------------------+-------+-------+-------++-------
Melee: Mace              |    77 |    11 |       ||    88
       Flail             |       |    64 |   125 ||   189
       Morningstar       |       |       |    33 ||    33
Throw: Javelin           |       |    20 |    30 ||    50
       Large rock        |       |       |    20 ||    20
       Throwing net      |       |       |     2 ||     2
 Abil: Evoke Berserk Rag |       |     1 |     3 ||     4
Evoke: Wand              |     1 |       |    17 ||    18
  Use: Scroll            |       |     3 |     6 ||     9
 Stab: Sleeping          |     1 |       |       ||     1
       Paralysed         |       |       |     6 ||     6
